[ AOE2 MATCH · #506422748 ]
UnrankedJapanese vs Shu
Player's team · LOSS
Rival team · WIN
[ REPLAY ANALYSIS · EXTRACTED FROM THE RECORDED GAME ]
Feudal
8:51
Castle
27:18
Imperial
49:38
| APM avg | 49.3 |
| APM peak | 92 |
| eAPM avg | 27.0 |
| Villagers / military | 225 / 216 |
Focus
⚔️ 34.4% · 🌾 65.6%
Samurai ×76 · Skirmisher ×45 · Archer ×37 · Militia ×16 · Battering Ram ×16 · Knight ×11
Feudal
8:57
Castle
25:53
Imperial
39:08
| APM avg | 73.4 |
| APM peak | 135 |
| eAPM avg | 38.2 |
| Villagers / military | 243 / 309 |
Focus
⚔️ 40.9% · 🌾 59.1%
Archer ×218 · Scout Cavalry ×80 · Unknown (1942) ×7 · Monk ×5 · Mangonel ×4 · Unknown (1959) ×3
Match map
Initial resources + every placement click. Lines = walls · curves = elevation contours. ◆ gold · ⬟ stone · ● berries · ✦ relic · ◌ wall gap
Your base· Open — 4t gap
Road to 2k's base· Open — 4t gap
Smoothed initial terrain · ◌ = detected wall gap · hover for details
Inputs per minute
— 新竹 - - Road to 2k
Build order — 新竹
First 150 of 643 actions detected
| 0:00 | Create | Villager (Male) |
| 0:00 | Create | Villager (Male) |
| 0:01 | Create | Villager (Male) |
| 0:02 | Build | House |
| 0:03 | Build | House |
| 0:14 | Create | Villager (Male) |
| 0:14 | Create | Villager (Male) |
| 0:14 | Create | Villager (Male) |
| 1:24 | Create | Villager (Male) |
| 1:24 | Create | Villager (Male) |
| 2:04 | Create | Villager (Male) |
| 2:04 | Create | Villager (Male) |
| 2:17 | Create | Villager (Male) |
| 2:17 | Create | Villager (Male) |
| 2:41 | Create | Villager (Male) |
| 2:41 | Create | Villager (Male) |
| 2:47 | Build | Lumber Camp |
| 3:06 | Create | Villager (Male) |
| 3:06 | Create | Villager (Male) |
| 3:14 | Build | House |
| 3:46 | Create | Villager (Male) |
| 3:46 | Create | Villager (Male) |
| 4:31 | Create | Villager (Male) |
| 4:32 | Create | Villager (Male) |
| 4:32 | Create | Villager (Male) |
| 4:37 | Create | Villager (Male) |
| 4:40 | Create | Villager (Male) |
| 4:41 | Create | Villager (Male) |
| 5:01 | Create | Villager (Male) |
| 5:01 | Create | Villager (Male) |
| 5:08 | Build | Barracks |
| 5:34 | Research | Loom |
| 5:34 | Research | Loom |
| 5:38 | Build | House |
| 6:27 | Build | Mining Camp |
| 6:29 | Create | Militia ×2 |
| 6:29 | Create | Militia ×2 |
| 6:38 | Research | Feudal Age |
| 6:38 | Research | Feudal Age |
| 6:50 | Create | Militia |
| 6:50 | Create | Militia |
| 7:05 | Create | Militia |
| 7:05 | Create | Militia |
| 7:33 | Create | Militia |
| 7:49 | Build | Mill |
| 7:52 | Build | House |
| 8:01 | Create | Militia |
| 8:27 | Build | House |
| 8:51 | Age | Feudal Age |
| 8:54 | Research | Man-at-Arms (upgrade) |
| 8:54 | Research | Man-at-Arms (upgrade) |
| 8:55 | Create | Villager (Male) |
| 8:55 | Create | Villager (Male) |
| 9:04 | Build | Mining Camp |
| 9:06 | Build | Palisade Wall |
| 9:08 | Build | Palisade Wall |
| 9:14 | Build | Palisade Wall |
| 9:16 | Build | Palisade Wall |
| 9:20 | Create | Villager (Male) |
| 9:21 | Create | Villager (Male) |
| 9:21 | Create | Villager (Male) |
| 9:36 | Create | Villager (Male) |
| 9:37 | Create | Villager (Male) |
| 9:50 | Build | Watch Tower |
| 9:55 | Create | Villager (Male) |
| 10:12 | Create | Villager (Male) |
| 10:12 | Create | Villager (Male) |
| 10:12 | Create | Villager (Male) |
| 10:18 | Build | House |
| 10:19 | Build | House |
| 10:49 | Create | Villager (Male) |
| 10:50 | Create | Villager (Male) |
| 10:50 | Create | Villager (Male) |
| 10:58 | Build | House |
| 10:59 | Build | House |
| 11:16 | Create | Villager (Male) |
| 11:16 | Create | Villager (Male) |
| 11:16 | Create | Villager (Male) |
| 11:27 | Build | Watch Tower |
| 11:32 | Create | Villager (Male) |
| 12:28 | Create | Militia ×3 |
| 12:29 | Create | Militia ×3 |
| 12:57 | Build | Watch Tower |
| 12:58 | Create | Villager (Male) |
| 13:00 | Build | Farm |
| 13:00 | Build | Farm |
| 13:07 | Build | Farm |
| 13:22 | Create | Villager (Male) |
| 13:22 | Create | Villager (Male) |
| 13:22 | Create | Villager (Male) |
| 13:32 | Build | House |
| 13:36 | Build | House |
| 13:50 | Create | Villager (Male) |
| 13:50 | Create | Villager (Male) |
| 13:50 | Create | Villager (Male) |
| 13:58 | Build | Watch Tower |
| 14:06 | Create | Villager (Male) |
| 14:06 | Create | Villager (Male) |
| 14:13 | Build | House |
| 14:20 | Create | Villager (Male) |
| 14:20 | Create | Villager (Male) |
| 14:20 | Create | Villager (Male) |
| 14:41 | Create | Villager (Male) |
| 14:41 | Create | Villager (Male) |
| 14:42 | Create | Villager (Male) |
| 14:52 | Build | House |
| 14:53 | Build | House |
| 15:43 | Build | Watch Tower |
| 15:49 | Create | Villager (Male) |
| 15:49 | Create | Villager (Male) |
| 15:50 | Create | Villager (Male) |
| 15:57 | Build | Blacksmith |
| 16:04 | Build | Farm |
| 16:10 | Create | Villager (Male) |
| 16:19 | Create | Villager (Male) |
| 16:33 | Build | Watch Tower |
| 16:37 | Create | Villager (Male) |
| 16:37 | Create | Villager (Male) |
| 16:39 | Build | Farm |
| 16:52 | Build | House |
| 17:07 | Build | Farm |
| 17:10 | Build | Farm |
| 17:22 | Create | Villager (Male) |
| 17:22 | Create | Villager (Male) |
| 17:24 | Build | Farm |
| 17:43 | Build | House |
| 17:49 | Build | Farm |
| 17:50 | Build | Farm |
| 17:52 | Create | Villager (Male) |
| 17:52 | Create | Villager (Male) |
| 18:02 | Build | Watch Tower |
| 18:09 | Build | House |
| 18:13 | Create | Villager (Male) |
| 18:13 | Create | Villager (Male) |
| 18:16 | Build | Palisade Wall |
| 18:52 | Create | Villager (Male) |
| 18:56 | Build | Mill |
| 18:59 | Build | Lumber Camp |
| 19:11 | Research | Fletching |
| 19:11 | Research | Fletching |
| 19:17 | Build | Farm |
| 19:24 | Build | Watch Tower |
| 19:27 | Create | Villager (Male) |
| 19:27 | Create | Villager (Male) |
| 19:27 | Create | Villager (Male) |
| 19:29 | Build | Farm |
| 19:31 | Build | Farm |
| 19:32 | Build | Farm |
| 19:56 | Build | Farm |
| 19:57 | Build | Farm |
Build order — Road to 2k
First 150 of 814 actions detected
| 0:00 | Create | Villager (Male) |
| 0:01 | Build | House |
| 0:02 | Build | House |
| 0:06 | Create | Villager (Male) |
| 0:08 | Create | Villager (Male) |
| 0:15 | Create | Villager (Male) |
| 1:26 | Create | Villager (Male) |
| 1:27 | Create | Villager (Male) |
| 1:51 | Build | Lumber Camp |
| 2:00 | Create | Villager (Male) |
| 2:21 | Create | Villager (Male) |
| 2:44 | Create | Villager (Male) |
| 3:00 | Create | Villager (Male) |
| 3:33 | Create | Villager (Male) |
| 3:36 | Create | Villager (Male) |
| 3:58 | Build | Mining Camp |
| 4:33 | Create | Villager (Male) |
| 4:33 | Create | Villager (Male) |
| 4:33 | Create | Villager (Male) |
| 4:39 | Build | House |
| 4:42 | Research | Loom |
| 4:52 | Create | Villager (Male) |
| 5:13 | Create | Villager (Male) |
| 5:19 | Create | Villager (Male) |
| 5:42 | Create | Villager (Male) |
| 6:08 | Create | Villager (Male) |
| 6:44 | Research | Feudal Age |
| 6:44 | Research | Feudal Age |
| 6:45 | Research | Feudal Age |
| 6:51 | Build | Palisade Wall |
| 7:45 | Create | Villager (Male) |
| 8:00 | Build | Barracks |
| 8:05 | Build | House |
| 8:06 | Build | Palisade Wall |
| 8:57 | Age | Feudal Age |
| 8:58 | Build | Archery Range |
| 9:05 | Research | Double-Bit Axe |
| 9:05 | Research | Double-Bit Axe |
| 9:08 | Create | Villager (Male) |
| 9:10 | Build | Palisade Wall |
| 9:11 | Build | Palisade Wall |
| 9:13 | Create | Villager (Male) |
| 9:18 | Create | Villager (Male) |
| 9:37 | Create | Villager (Male) |
| 9:40 | Create | Archer |
| 9:53 | Build | House |
| 9:53 | Create | Villager (Male) |
| 9:57 | Create | Villager (Male) |
| 10:04 | Build | Watch Tower |
| 10:09 | Create | Archer |
| 10:22 | Build | House |
| 10:24 | Create | Villager (Male) |
| 10:41 | Build | Palisade Wall |
| 10:42 | Build | Palisade Wall |
| 10:54 | Create | Villager (Male) |
| 10:59 | Create | Villager (Male) |
| 11:02 | Build | Mill |
| 11:11 | Create | Archer |
| 11:13 | Create | Villager (Male) |
| 11:20 | Build | House |
| 11:25 | Create | Archer |
| 11:35 | Build | Farm |
| 11:43 | Create | Archer |
| 12:26 | Create | Villager (Male) |
| 12:51 | Create | Villager (Male) |
| 12:57 | Build | Palisade Wall |
| 13:03 | Build | Farm |
| 13:14 | Create | Villager (Male) |
| 13:21 | Build | Farm |
| 13:30 | Create | Archer |
| 13:31 | Create | Archer |
| 13:36 | Build | House |
| 13:37 | Build | House |
| 13:38 | Build | Palisade Wall |
| 13:44 | Build | Farm |
| 13:53 | Create | Villager (Male) |
| 13:57 | Build | Farm |
| 13:59 | Build | Farm |
| 14:02 | Create | Villager (Male) |
| 14:09 | Create | Archer |
| 14:20 | Build | Blacksmith |
| 14:23 | Build | Blacksmith |
| 14:29 | Create | Villager (Male) |
| 14:34 | Build | Farm |
| 15:06 | Create | Villager (Male) |
| 15:15 | Create | Villager (Male) |
| 15:19 | Create | Archer |
| 15:29 | Create | Archer |
| 15:30 | Create | Villager (Male) |
| 15:39 | Create | Villager (Male) |
| 15:47 | Build | Palisade Wall |
| 16:32 | Create | Villager (Male) |
| 16:54 | Build | Lumber Camp |
| 16:55 | Create | Villager (Male) |
| 17:04 | Create | Archer |
| 17:04 | Research | Fletching |
| 17:07 | Create | Villager (Male) |
| 17:09 | Build | Palisade Wall |
| 17:11 | Build | Palisade Wall |
| 17:18 | Create | Villager (Male) |
| 17:31 | Create | Villager (Male) |
| 17:34 | Build | Farm |
| 17:43 | Create | Archer |
| 17:44 | Create | Villager (Male) |
| 17:58 | Build | Mining Camp |
| 17:59 | Create | Villager (Male) |
| 18:23 | Build | House |
| 18:44 | Create | Villager (Male) |
| 18:46 | Create | Archer |
| 18:53 | Create | Villager (Male) |
| 19:00 | Build | Watch Tower |
| 19:16 | Build | Lumber Camp |
| 19:22 | Create | Villager (Male) |
| 19:23 | Create | Archer |
| 19:33 | Create | Archer |
| 19:42 | Create | Archer |
| 19:49 | Create | Villager (Male) |
| 19:54 | Create | Villager (Male) |
| 20:11 | Create | Archer |
| 20:12 | Create | Villager (Male) |
| 20:13 | Create | Villager (Male) |
| 20:33 | Create | Villager (Male) |
| 21:01 | Create | Villager (Male) |
| 21:04 | Build | Market |
| 21:23 | Create | Villager (Male) |
| 21:32 | Build | House |
| 21:35 | Build | House |
| 21:43 | Create | Villager (Male) |
| 21:49 | Build | House |
| 21:52 | Build | House |
| 21:55 | Create | Villager (Male) |
| 21:58 | Create | Villager (Male) |
| 22:02 | Build | Market |
| 22:11 | Create | Villager (Male) |
| 22:33 | Create | Villager (Male) |
| 22:44 | Build | Mining Camp |
| 22:48 | Build | Mining Camp |
| 22:56 | Create | Villager (Male) |
| 23:13 | Research | Castle Age |
| 23:14 | Research | Castle Age |
| 23:46 | Create | Archer |
| 23:50 | Create | Villager (Male) |
| 24:04 | Create | Archer |
| 24:09 | Create | Villager (Male) |
| 24:29 | Create | Archer |
| 24:30 | Create | Villager (Male) |
| 25:06 | Create | Archer |
| 25:40 | Create | Archer |
| 25:45 | Create | Villager (Male) |
| 25:53 | Age | Castle Age |
Match timeline
| 5:08 | 新竹 · first_building Barracks |
| 6:51 | Road to 2k · wall_segment Palisade Wall x1 |
| 8:00 | Road to 2k · first_building Barracks |
| 8:06 | Road to 2k · wall_segment Palisade Wall x1 |
| 8:51 | 新竹 · age_up feudal |
| 8:57 | Road to 2k · age_up feudal |
| 8:58 | Road to 2k · first_building Archery Range |
| 9:06 | 新竹 · wall_segment Palisade Wall x1 |
| 9:08 | 新竹 · wall_segment Palisade Wall x1 |
| 9:10 | Road to 2k · wall_segment Palisade Wall x1 |
| 9:11 | Road to 2k · wall_segment Palisade Wall x1 |
| 9:14 | 新竹 · wall_segment Palisade Wall x1 |
| 9:16 | 新竹 · wall_segment Palisade Wall x1 |
| 10:41 | Road to 2k · wall_segment Palisade Wall x1 |
| 10:42 | Road to 2k · wall_segment Palisade Wall x1 |
| 12:57 | Road to 2k · wall_segment Palisade Wall x1 |
| 13:38 | Road to 2k · wall_segment Palisade Wall x1 |
| 15:47 | Road to 2k · wall_segment Palisade Wall x1 |
| 17:09 | Road to 2k · wall_segment Palisade Wall x1 |
| 17:11 | Road to 2k · wall_segment Palisade Wall x1 |
| 18:16 | 新竹 · wall_segment Palisade Wall x1 |
| 23:06 | Road to 2k · first_market_sell 100 stone |
| 23:12 | Road to 2k · first_market_buy 100 food |
| 25:53 | Road to 2k · age_up castle |
| 26:05 | Road to 2k · first_building Castle |
| 26:52 | 新竹 · first_building Stable |
| 27:18 | 新竹 · age_up castle |
| 27:59 | 新竹 · wall_segment Stone Wall x4 |
| 28:30 | 新竹 · first_market_buy 100 stone |
| 30:19 | Road to 2k · first_building Monastery |
| 32:56 | 新竹 · first_building Monastery |
| 33:31 | 新竹 · first_building Siege Workshop |
| 36:13 | Road to 2k · first_building Siege Workshop |
| 36:25 | 新竹 · first_building Castle |
| 39:08 | Road to 2k · age_up imperial |
| 48:02 | 新竹 · first_building Archery Range |
| 49:38 | 新竹 · age_up imperial |
| 51:47 | Road to 2k · first_building Stable |
| 58:02 | 新竹 · first_market_sell 100 food |
| 63:24 | 新竹 · resign |
[ AI ANALYSIS · 1 CREDIT ]
What really happened in this match?
Wolo.gg analyzes every decision: build order, eco, micro, common mistakes by bracket. Personalized analysis on WhatsApp or Discord in 30 seconds.
Civ guide
Japanese
Perfil
新竹